 Dungeon Crawl Stone Soup version 0.30-a0-757-ga6a79fd877 (webtiles) character file.

Game seed: 11868422575893857250

1784 Newt the Skirmisher (level 9, -6/54 HPs)
             Began as a Kobold Hunter on Feb 9, 2023.
             Was an Initiate of Hepliaklqana.
             Mangled by an orc warrior
             ... wielding a +0 war axe
              (9 damage)
             ... in a bailey.
             The game lasted 00:07:17 (5810 turns).

Newt the Skirmisher (Kobold Hunter)                 Turns: 5810, Time: 00:07:18

Health: -6/54      AC:  8    Str: 12    XL:     9   Next: 29%
Magic:  20/20      EV: 20    Int: 17    God:    Hepliaklqana [......]
Gold:   389        SH:  0    Dex: 30    Spells: 8/11 levels left

rFire   . . .      SeeInvis .    a - +2 shortbow
rCold   . . .      Faith    .    (shield currently unavailable)
rNeg    . . .      Spirit   .    m - +5 leather armour "Taufeqam" {Dex+5}
rPois   .          Reflect  .    (no helmet)
rElec   .          Harm     .    (no cloak)
rCorr   .          Rampage  .    (no gloves)
Will    .....                    (no boots)
Stlth   +++                      (no amulet)
HPRegen 0.29/turn                d - ring "Weveizy" {MP+9 Str+4 Int+7}
MPRegen 0.17/turn                (no ring)

@: silenced, unable to drink
A: small, no large weapons, nightstalker 3, thin skeletal structure 1, inability
to drink after injury 1
a: Renounce Religion


You were in a bailey.
You worshipped Hepliaklqana.
Hepliaklqana was noncommittal.
You visited 2 branches of the dungeon, and saw 8 of its levels.
You also visited: Sewer and Bailey.

You collected 389 gold pieces.

Inventory:

Hand Weapons
 a - a +2 shortbow (weapon)
Missiles
 e - 6 boomerangs of dispersal
 l - a throwing net
Armour
 c - a +0 leather armour
 m - the +5 leather armour "Taufeqam" (worn) {Dex+5}
   (You found it on level 2 of the Dungeon)

   Dex:       It affects your dexterity (+5).
Jewellery
 d - the ring "Weveizy" (left hand) {MP+9 Str+4 Int+7}
   (You acquired it on level 3 of the Dungeon)

   [ring of magical power]

   Str:       It affects your strength (+4).
   Int:       It affects your intelligence (+7).
   MP:        It affects your magic capacity (+9).
Wands
 s - a wand of roots (20)
Scrolls
 b - a scroll of immolation
 f - 3 scrolls of blinking
 k - a scroll of amnesia
 q - a scroll of enchant armour {unknown}
 r - a scroll of fog {unknown}
 t - a scroll of noise {unknown}
 u - a scroll of teleportation
 w - a scroll of vulnerability {unknown}
 y - a scroll of identify
Potions
 g - 2 potions of might
 h - 2 potions of curing
 i - 2 potions of heal wounds
 j - 2 potions of flight
 n - a potion of lignification {unknown}
 p - 3 potions of brilliance {unknown}
 v - a potion of berserk rage {unknown}
 x - a potion of attraction {unknown}
 z - 2 potions of mutation
 A - a potion of ambrosia {unknown}
 B - a potion of cancellation {unknown}


   Skills:
 - Level 5.0 Fighting
 - Level 10.0 Ranged Weapons
 - Level 5.0 Armour
 - Level 6.0 Dodging
 - Level 1.3 Stealth
 + Level 1.6 Spellcasting
 + Level 1.6 Hexes
 + Level 1.6 Translocations


You had 8 spell levels left.
You knew the following spells:

 Your Spells              Type           Power      Damage    Failure   Level
a - Portal Projectile     Hex/Tloc       12%        N/A       36%         3

Your spell library contained the following spells:

 Spells                   Type           Power      Damage    Failure   Level
 Shock                    Conj/Air       4%         1d3       26%         1
 Sting                    Tmut/Pois      4%         1d3       26%         1
 Poisonous Vapours        Pois/Air       2%         N/A       36%         2
 Tukima's Dance           Hex            6%         N/A       36%         3
 Kindle Blastsparks       Fire/Tloc/Air  6%         2d10      52%         3
 Ozocubu's Armour         Ice            1%         N/A       61%         3
 Swiftness                Air            1%         N/A       61%         3
 Fulminant Prism          Conj/Hex       2%         3d5       88%         4
 Iskenderun's Mystic Bla  Conj/Tloc      4%         2d3       88%         4
 Airstrike                Air            0%         2d(1-17)  95%         4
 Olgreb's Toxic Radiance  Pois           1%         N/A       95%         4
 Blade Hands              Tmut           0%         N/A       100%        5
 Lee's Rapid Deconstruct  Erth           0%         3d4*      100%        5
 Malign Gateway           Summ/Tloc      2%         N/A       100%        7
 Ozocubu's Refrigeration  Ice            0%         4d7       100%        7
 Summon Horrible Things   Summ           0%         N/A       100%        8


Dungeon Overview and Level Annotations

Branches:
Dungeon (7/15)             Temple (1/1) D:6           Sewer (visited)
 Bailey (1/1)

Altars:
Ashenzari
Cheibriados
Dithmenos
Elyvilon
Fedhas
Hepliaklqana
Makhleb
Nemelex Xobeh
Okawaru
Qazlal
Ru
Sif Muna
Trog
Uskayaw
Vehumet
Wu Jian
Xom
Yredelemnul
Zin

Shops:
D:1 ([=   D:6 (   D:7 *


Innate Abilities, Weirdness & Mutations

You are small and have problems with some larger weapons.
You are completely attuned to the shadows.
You have a somewhat thin skeletal structure. (Dex +2, Stealth+)
You occasionally lose the ability to drink potions when taking damage.


Message History

Fire: a) +2 shortbow
Press: ? - help, Shift-Dir - straight line, f/p - orc warrior
Aim: an orc warrior, wielding a +0 war axe and wearing a +0 plate armour (lightly wounded, 74% to hit)
You shoot an arrow.
The arrow closely misses the orc warrior.
You hear a shout!
The orc warrior completely misses you.
You shoot an arrow. The arrow hits the kobold brigand!
The kobold brigand is moderately wounded.
The orc warrior hits you with a +0 war axe!
The kobold hits you but does no damage.
The kobold brigand completely misses you.
The kobold barely misses you. The kobold attacks as you move away!
The kobold closely misses you.
The kobold brigand hits you with a +0 war axe!
The kobold barely misses you. The kobold attacks as you move away!
The kobold misses you.
The kobold brigand hits you with a +0 war axe.
There is an open gate here.
As you read the scroll labelled HATOMU OZOUMUEM, it crumbles to dust.
A profound silence engulfs you.
It was a scroll of silence.
The orc warrior misses you.
A kobold comes into view.
Unknown command.
You shoot an arrow.
The arrow barely misses the orc warrior.
The arrow barely misses the kobold.
The orc warrior completely misses you.
The kobold brigand throws a poisoned dart.
The poisoned dart completely misses you.
You shoot an arrow.
The arrow hits the orc warrior but does no damage.
The orc warrior is lightly wounded.
The orc warrior hits you with a +0 war axe.
You shoot an arrow. The arrow hits the kobold brigand!
The kobold brigand is heavily wounded.
The orc warrior hits you with a +0 war axe!
You feel threatened and lose the ability to drink potions!
* * * LOW HITPOINT WARNING * * *
The orc warrior hits you with a +0 war axe!
You die...

~.......~~.
~....(..~~#
~......)~#
##...####
#..)# #..K#
#.KK#
##K'o##
##..K.@##
#....oK.#
#...∩...#
##.....##
#######


You could see 2 orc warriors, a kobold brigand and 5 kobolds.

Vanquished Creatures
  Menkaure (D:4)
  2 black bears
  An ogre (D:5)
  A centaur (D:5)
  A phantom (D:4)
  2 kobold brigands (Bailey)
  2 bullfrogs (Sewer)
  3 scorpions (D:5)
  5 hounds
  2 jellies
  A gnoll bouda (D:5)
  An orc priest (D:6)
  Natasha (thrice) (D:3)
  4 iguanas (D:5)
  3 orc wizards (D:7)
  4 gnolls (D:5)
  10 adders
  2 white imps
  An ufetubus (D:6)
  A worm (D:2)
  3 dart slugs (D:1)
  17 orcs
  6 endoplasms
  9 giant cockroaches
  10 goblins
  5 hobgoblins
  10 jackals
  9 kobolds
  10 quokkas
  11 ball pythons
  7 bats
  7 frilled lizards
  4 rats
158 creatures vanquished.

Notes
Turn   | Place    | Note
-------+----------+-------------------------------------------
     0 | D:1      | Newt the Kobold Hunter began the quest for the Orb.
     0 | D:1      | Reached XP level 1. HP: 12/12 MP: 1/1
    75 | D:1      | Found Dixtay's Antique Weapon Shop.
   118 | D:1      | Found Gifuo's Armour Emporium.
   163 | D:1      | Reached XP level 2. HP: 18/18 MP: 2/2
   464 | D:1      | Reached XP level 3. HP: 23/23 MP: 3/3
   599 | D:1      | Found a faded altar of an unknown god.
   835 | D:1      | Found Upupt's Jewellery Shoppe.
  1022 | D:2      | Found an iron altar of Okawaru.
  1074 | D:2      | Reached XP level 4. HP: 30/30 MP: 4/4
  1313 | D:2      | Reached skill level 5 in Fighting
  1336 | D:2      | Identified the +5 leather armour "Taufeqam" {Dex+5}
  1537 | D:3      | Identified a scroll of acquirement
  1537 | D:3      | Acquired the ring "Weveizy" {MP+9 Str+4 Int+7}
  1667 | D:3      | Noticed Natasha
  1682 | D:3      | Killed Natasha
  1683 | D:3      | Reached XP level 5. HP: 19/35 MP: 5/5
  1700 | D:3      | Noticed Natasha
  1705 | D:3      | Killed Natasha
  1939 | D:3      | Noticed Natasha
  1946 | D:3      | Killed Natasha
  2117 | D:3      | Found a basalt altar of Yredelemnul.
  2117 | D:3      | Found a broken altar of Ashenzari.
  2275 | D:4      | Found a shadowy altar of Dithmenos.
  2301 | D:4      | Found a glowing silver altar of Zin.
  2317 | D:4      | Noticed Menkaure
  2321 | D:4      | Killed Menkaure
  2322 | D:4      | Reached XP level 6. HP: 40/40 MP: 6/6
  2324 | D:4      | Gained mutation: You occasionally lose the ability to drink
                  | potions when taking damage. [potion of mutation]
  2325 | D:4      | Lost mutation: You occasionally lose the ability to drink
                  | potions when taking damage. [potion of mutation]
  2325 | D:4      | Gained mutation: You have a somewhat thin skeletal
                  | structure. (Dex +2, Stealth+) [potion of mutation]
  2325 | D:4      | Gained mutation: You occasionally lose the ability to drink
                  | potions when taking damage. [potion of mutation]
  2446 | D:4      | Reached skill level 6 in Ranged Weapons
  2446 | D:4      | Reached XP level 7. HP: 44/44 MP: 7/7
  2729 | D:4      | Found an iron altar of Okawaru.
  2978 | D:5      | Entered Level 5 of the Dungeon
  3013 | D:5      | Reached skill level 7 in Ranged Weapons
  3097 | D:5      | Reached skill level 8 in Ranged Weapons
  3328 | D:5      | Reached XP level 8. HP: 48/49 MP: 8/8
  3336 | D:5      | Reached skill level 9 in Ranged Weapons
  3963 | D:5      | Reached skill level 10 in Ranged Weapons
  3966 | D:5      | Reached skill level 1 in Armour
  4430 | D:6      | Found a glowing drain.
  4434 | Sewer    | Entered a sewer
  4604 | Sewer    | Reached XP level 9. HP: 54/54 MP: 9/9
  5074 | D:6      | Found a staircase to the Ecumenical Temple.
  5080 | Temple   | Entered the Ecumenical Temple
  5182 | Temple   | Became a worshipper of Hepliaklqana the Forgotten
  5544 | D:6      | Found Fejugya's Antique Weapon Shop.
  5633 | D:7      | Found Ciforaj's General Store.
  5672 | D:7      | Found a flagged portal.
  5709 | D:7      | Reached skill level 5 in Armour
  5718 | D:7      | Learned a level 3 spell: Portal Projectile
  5761 | Bailey   | Entered a bailey
  5786 | Bailey   | Reached skill level 1 in Spellcasting
  5786 | Bailey   | Reached skill level 1 in Hexes
  5786 | Bailey   | Reached skill level 1 in Translocations
  5810 | Bailey   | Mangled by an orc warrior

Illustrated notes

Levels and vault maps discovered:
D:1:      minmay_arrival_split_and_join, layout_loops_corners,
          basic_ecumenical_altar, serial_shops, shop, shop, shop_fountains
D:2:      layout_rooms, basic_altar, minmay_crystal_room
D:3:      layout_rooms, nicolae_overflow_two_pavilions, uniq_natasha
D:4:      layout_loops_ring, kennysheep_okawaru_gauntlet,
          nicolae_overflow_crystal_walls, nicolae_dithmenos_the_darkroom,
          uniq_menkaure
D:5:      minmay_diamond_boxcup, layout_loops_cross, bh_walls_and_bars
D:6:      layout_cave_pools, minmay_temple_entry_statues_pillars, serial_shops,
          nicolae_shop_trees, gup_sewer_entry_bowl
D:7:      layout_rooms, nicolae_gozag_seed_capital,
          mainiacjoe_overflow_cross_hatched, enter_bailey_8, serial_shops, shop,
          uniq_prince_ribbit1
Temple:   nicolae_temple_superstar
Bailey:   bailey_axe_3, bailey

Skill      XL: |  1  2  3  4  5  6  7  8  9 |
---------------+----------------------------+-----
Fighting       | 3 4 5 |  5.0
Dodging        | 3 6 |  6.0
Ranged Weapons | 6 8 10 | 10.0
Armour         | 4 5 |  5.0
Spellcasting   | 1 |  1.6
Hexes          | 1 |  1.6
Translocations | 1 |  1.6
Stealth        | |  1.3

Action                     |  1- 3 |  4- 6 |  7- 9 || total
---------------------------+-------+-------+-------++-------
   Fire: Shortbow          |    70 |   107 |   280 ||   457
    Use: Scroll            |     4 |     4 |     5 ||    13
         Potion            |       |     4 |       ||     4
 Armour: Leather armour    |    11 |    11 |    39 ||    61
  Dodge: Dodged            |    29 |    56 |   229 ||   314

Table legend: (Time is in decaauts)
 A = Elapsed time spent in this place.
 B = Non-inter-level travel time spent in this place.
 C = Inter-level travel time spent in this place.
 D = Time resting spent in this place.
 E = Time spent auto-exploring this place.
 F = Levels seen in this place.
 G = Mean time per level.
                   A        B        C        D        E       F      G
               +--------+--------+--------+--------+--------+-----+--------+
         Total |   6007 |   5811 |    196 |    506 |   4318 |  10 |  600.7 |
       Dungeon |   5171 |   5007 |    164 |    506 |   3656 |   7 |  738.7 |
        Temple |    121 |     90 |     31 |      0 |     74 |   1 |  121.0 |
         Sewer |    663 |    663 |      0 |      0 |    574 |   1 |  663.0 |
        Bailey |     49 |     49 |      0 |      0 |     14 |   1 |   49.0 |
               +--------+--------+--------+--------+--------+-----+--------+

Top non-repeatable levels by time:
     D:5: 1395 daAuts
     D:1: 944 daAuts
     D:4: 762 daAuts
     D:3: 705 daAuts
   Sewer: 663 daAuts
     D:2: 621 daAuts
     D:6: 603 daAuts
     D:7: 138 daAuts
  Temple: 121 daAuts
  Bailey: 49 daAuts
